 Dungeon Crawl Stone Soup version 0.23.2-1-ga50397a6bc (webtiles) character file.

Game seed: 409312376469598891

60 Banto the Magician (level 3, -3/26 HPs)
             Began as a Demigod Wanderer on Apr 26, 2019.
             Slain by a worm (11 damage)
             ... on level 2 of the Dungeon.
             The game lasted 00:02:35 (1847 turns).

Banto the Magician (Demigod Wanderer)               Turns: 1847, Time: 00:02:36

Health: -3/26      AC:  3    Str: 15    XL:     3   Next: 55%
Magic:  8/11       EV: 10    Int: 16    God:
Gold:   84         SH:  0    Dex: 17    Spells: 10/11 levels left

rFire    . . .     SeeInvis +   o - +0 dagger (venom)
rCold    . . .     Gourm    .   (no shield)
rNeg     . . .     Faith    .   l - +0 leather armour
rPois    .         Spirit   .   (no helmet)
rElec    .         Reflect  .   (no cloak)
rCorr    .         Harm     .   (no gloves)
MR       .....                  (no boots)
Stlth    +.........             (no amulet)
HPRegen  0.08/turn              b - ring of see invisible
MPRegen  0.12/turn              (no ring)

@: no status effects
A: high mp 1
a: no special abilities


You were on level 2 of the Dungeon.
You were near starving.

You visited 1 branch of the dungeon, and saw 2 of its levels.

You collected 84 gold pieces.

Inventory:

Hand Weapons
 e - a +2 dagger of freezing
 o - a +0 dagger of venom (weapon)
Armour
 d - a +0 robe
 i - a +0 buckler
 l - a +0 leather armour (worn)
Jewellery
 b - a ring of see invisible (left hand)
 p - an uncursed ring of poison resistance {unknown}
Scrolls
 g - 2 scrolls of remove curse {unknown}
 h - 2 scrolls of fog {unknown}
 j - a scroll of identify {unknown}
 m - 2 scrolls of amnesia {unknown}
Potions
 a - a potion of degeneration {unknown}
 c - 2 potions of heal wounds {unknown}
 k - a potion of invisibility {unknown}
 n - a potion of haste {unknown}
Comestibles
 f - 3 rations


   Skills:
 + Level 0.3 Short Blades
 + Level 1.1 Shields
 - Level 4.5 Spellcasting
   Level 1.0 Hexes
   Level 1.0 Summonings
   Level 1.0 Transmutations
 + Level 3.0 Ice Magic
   Level 1.0 Evocations


You had 10 spell levels left.
You knew the following spells:

 Your Spells              Type           Power        Failure   Level  Hunger
a - Freeze                Ice            ##..         5%          1    None

Your spell library contained the following spells:

 Spells                   Type           Power        Failure   Level  Hunger
 Corona                   Hex            #......      13%         1    None
 Ensorcelled Hibernation  Hex/Ice        ##....       13%         2    ##.....
 Sticks to Snakes         Tmut           #.......     21%         2    ##.....
 Passwall                 Tmut/Erth      #.......     24%         2    ##.....
 Ozocubu's Armour         Chrm/Ice       #.......     32%         3    ###....
 Confuse                  Hex            #.......     36%         3    ###....
 Tukima's Dance           Hex            #.......     36%         3    ###....
 Dazzling Spray           Conj/Hex       #.....       43%         3    ###....


Dungeon Overview and Level Annotations

Branches:
Dungeon (2/15)


Innate Abilities, Weirdness & Mutations

You have an increased reservoir of magic. (+10% MP)


Message History

Casting: Freeze (safe; 5% risk of failure)
Confirm with . or Enter, or press ? or * to list all spells.
You can't see any susceptible monsters within range! (Use Z to cast anyway.) Unknown command.
Casting: Freeze (safe; 5% risk of failure)
Confirm with . or Enter, or press ? or * to list all spells.
Aiming: Freeze (safe; 5% risk of failure)
Press: ? - help, Shift-Dir - straight line, f/p - worm
Aim: a worm (moderately wounded, poisoned)
You freeze the worm.
The worm is severely wounded.
Casting: Freeze (safe; 5% risk of failure)
Confirm with . or Enter, or press ? or * to list all spells.
Aiming: Freeze (safe; 5% risk of failure)
Press: ? - help, Shift-Dir - straight line, f/p - worm
Aim: a worm (heavily wounded, poisoned)
You freeze the worm.
The worm is severely wounded.
The worm bites you!
You die...

.#####.# # #...# # .......#
#.###.#.#.#(# #.######
#............ #.#
##########.######.# #.#
#................. #.#
#.########.######.
#.############.##...........)#
#.#.........##.##.#<.......#.#
................@w.......#.#.#.
#.#.#######.##.........#.#.#..
..............................
..#.#######.#####.#.####.....#
###.# #.#####.#.# #..##.#
....#######)......#.#
#...#.##..
##.........########.#
#.....##.. ##.........# #....#
#..###.. ...........#####.####
##.##...


You could see a worm.

Vanquished Creatures
  2 adders (D:2)
  A dart slug (D:1)
  4 giant cockroaches
  6 goblins
  5 hobgoblins
  4 jackals (D:1)
  A quokka (D:2)
  A ball python (D:1)
  5 bats (D:1)
  3 kobolds (D:1)
  4 rats
36 creatures vanquished.

Notes
Turn   | Place    | Note
-------+----------+-------------------------------------------
     0 | D:1      | Banto the Demigod Wanderer began the quest for the Orb.
     0 | D:1      | Banto set off with the following items: a +0 club, a +0
                  | robe, a ration; and the following spells available to
                  | memorise: Corona, Freeze, Sticks to Snakes, Ensorcelled
                  | Hibernation, Passwall, Confuse, Tukima's Dance, Dazzling
                  | Spray, Ozocubu's Armour
     0 | D:1      | Reached XP level 1. HP: 14/14 MP: 8/8
    16 | D:1      | Learned a level 1 spell: Freeze
    59 | D:1      | Reached skill level 1 in Ice Magic
   162 | D:1      | Reached XP level 2. HP: 6/20 MP: 5/10
   840 | D:1      | Reached XP level 3. HP: 19/26 MP: 4/11
  1847 | D:2      | Slain by a worm

Skill      XL: |  1  2  3 |
---------------+----------+-----
Ice Magic      | 1 2 3 |  3.0
Short Blades   | |  0.3
Shields        | |  1.1
Spellcasting   | |  4.5
Hexes          | |  1.0
Summonings     | |  1.0
Transmutations | |  1.0
Evocations     | |  1.0

Action                   || total
-------------------------++-------
Melee: Club              ||     5
       Dagger            ||    50
 Cast: Freeze            ||    54
 Stab: Sleeping          ||     4
  Eat: Chunk             ||     1
Armor: Robe              ||    20
       Leather armour    ||     6
Dodge: Dodged            ||    64
